 Dungeon Sprint DCSS version 0.26.1-11-gd32895ea62 (webtiles) character file.

Game seed: 9250336784288761953

625 Zeld the Carver (level 7, -6/51 HPs)
             Began as a Human Gladiator on June 8, 2021.
             Was a Follower of the Shining One.
             Mangled by Sonja
             ... wielding a +4 dagger of distortion
              (7 damage)
             ... in the Dungeon (Sprint I: "Red Sonja").
             The game lasted 00:02:49 (1929 turns).

Zeld the Carver (Human Gladiator)                   Turns: 1929, Time: 00:02:50

Health: -6/51      AC:  4    Str: 16    XL:     7   Next: 76%
Magic:  8/8        EV: 13    Int:  9    God:    the Shining One [*.....]
Gold:   268        SH:  0    Dex: 14    Spells: 6/6 levels left

rFire    . . .     SeeInvis .   a - +0 long sword
rCold    . . .     Faith    .   (no shield)
rNeg     . . .     Spirit   .   b - +0 leather armour
rPois    .         Reflect  .   c - +0 helmet
rElec    .         Harm     .   (no cloak)
rCorr    .         Rampage  .   (no gloves)
Will     .....     NoTele   +   (no boots)
Stlth    +.........             (no amulet)
HPRegen  0.17/turn              (no ring)
MPRegen  0.11/turn              (no ring)

@: lethally poisoned (-6 -> -9), very slightly contaminated, slowed, glowing,
invisible (but backlit and visible), very slow
A: no striking features
a: Renounce Religion


You were in the Dungeon.
You worshipped the Shining One.
The Shining One was aware of your devotion.
You visited 1 branch You collected 357 gold pieces.
You spent 89 gold pieces at shops.

Inventory:

Hand Weapons
 a - a +0 long sword (weapon)
Missiles
 d - 3 throwing nets (quivered)
Armour
 b - a +0 leather armour (worn)
 c - a +0 helmet (worn)
Wands
 k - a wand of digging (3)
Scrolls
 j - a scroll of blinking
 l - a scroll of fog {unknown}
 m - a scroll of random uselessness {unknown}
 n - a scroll of identify {unknown}
Potions
 g - a potion of haste
 h - 2 potions of magic
 o - a potion of degeneration {unknown}


   Skills:
 * Level 2.7 Fighting
 - Level 14.0 Long Blades
 - Level 6.0 Throwing
 * Level 3.5 Dodging
 * Level 1.8 Invocations


You had 6 spell levels left.
You didn't know any spells.
Your spell library was empty.

Dungeon Overview and Level Annotations

Branches:
Dungeon (1/1)

Altars:
Cheibriados
Dithmenos
Elyvilon
Fedhas
Gozag
Hepliaklqana
Kikubaaqudgha
Makhleb
Nemelex Xobeh
Okawaru
Qazlal
Ru
Sif Muna
Trog
Uskayaw
Vehumet
Wu Jian
Xom
Yredelemnul
Zin
The Shining One
Jiyva
Lugonu

Shops:
D *

Annotations:
D Sonja


Message History

You feel sick.
There is an open door here.
You close the door.
You feel sick.
Sonja opens the door.
Okay, then.
It was a potion of invisibility.
You become transparent, but the glow from your halo prevents you from becoming completely invisible.
You feel sick.
Sonja gestures wildly while chanting.
Sonja blinks!
You are very lightly contaminated with residual magic.
You feel sick.
You start resting.
You feel sick. x2
Sonja hits you with a +4 dagger of distortion!
* * * LOW HITPOINT WARNING * * *
Space warps horribly around you!
* * * LOW HITPOINT WARNING * * *
Sonja hits you with a +4 dagger of distortion.
* * * LOW HITPOINT WARNING * * *
Space warps horribly around you!
You die...

###################
#<.#.['..#.)'..#__#
#..'..#..)..#..'^.+
#..#####'#####'#__#
#..####..#...#.####§
#..#__####@.##.#≈§§§c#
#..#_____##K#_.+≈≈§..+
#⌠⌠#_.∩..§'..._#§§≈§
###._..__##_.#'##+##
#..#___K_###'#[#
########## .### .$ .$#
.##


You could see Sonja.

Vanquished Creatures
  A slime creature (D)
  Sigmund (D)
  A yak (D)
  An ogre (D)
  A jelly (D)
  Ijyb (D)
6 creatures vanquished.

Vanquished Creatures (others)
  A gargoyle (D)
  2 hornets (D)
3 creatures vanquished.

Grand Total: 9 creatures vanquished

Notes
Turn   | Place    | Note
-------+----------+-------------------------------------------
     0 | D        | Zeld the Human Gladiator began the quest for the Orb.
     0 | D        | Reached XP level 1. HP: 16/16 MP: 1/1
     1 | D        | Noticed Ijyb
    17 | D        | Killed Ijyb
    18 | D        | Reached skill level 6 in Long Blades
    18 | D        | Reached XP level 2. HP: 5/22 MP: 2/2
    18 | D        | Reached XP level 3. HP: 6/27 MP: 3/3
   382 | D        | Found a basalt altar of Yredelemnul.
   382 | D        | Found a hide-covered altar of Uskayaw.
   382 | D        | Found a hazy altar of Hepliaklqana.
   382 | D        | Found a shadowy altar of Dithmenos.
   382 | D        | Found a sacrificial altar of Ru.
   382 | D        | Found a snail-covered altar of Cheibriados.
   382 | D        | Found an opulent altar of Gozag.
   382 | D        | Found a sparkling altar of Nemelex Xobeh.
   383 | D        | Found an ancient bone altar of Kikubaaqudgha.
   383 | D        | Found Riohic's Assorted Antiques.
   383 | D        | Found a glowing golden altar of the Shining One.
   383 | D        | Found an iron altar of Okawaru.
   383 | D        | Found a bloodstained altar of Trog.
   383 | D        | Found a blossoming altar of Fedhas.
   383 | D        | Found a stormy altar of Qazlal.
   383 | D        | Found a white marble altar of Elyvilon.
   383 | D        | Found a glowing silver altar of Zin.
   383 | D        | Noticed a yak
   386 | D        | Became a worshipper of the Shining One
   398 | D        | Killed a yak
   399 | D        | Reached skill level 11 in Long Blades
   399 | D        | Reached XP level 4. HP: 18/33 MP: 4/4
   399 | D        | Reached XP level 5. HP: 21/38 MP: 5/5
   809 | D        | Killed a hornet
   854 | D        | Bought a bubbling ruby potion for 20 gold pieces
   854 | D        | Bought a scroll labelled UGAHUBYEDE for 23 gold pieces
   859 | D        | Found a shimmering blue altar of Sif Muna.
   859 | D        | Found a radiant altar of Vehumet.
   859 | D        | Found an ornate altar of the Wu Jian Council.
   866 | D        | Reached XP level 6. HP: 38/44 MP: 6/6
   892 | D        | Killed a hornet
   928 | D        | Bought a scroll labelled YHOCEU SUROE for 23 gold pieces
   928 | D        | Bought a scroll labelled CEOSYP CATO for 23 gold pieces
   950 | D        | Noticed Sigmund
   964 | D        | Killed Sigmund
   965 | D        | Reached skill level 13 in Long Blades
   995 | D        | Killed a gargoyle
  1114 | D        | Noticed an ogre
  1118 | D        | Killed an ogre
  1119 | D        | Reached skill level 14 in Long Blades
  1119 | D        | Reached XP level 7. HP: 26/50 MP: 7/7
  1302 | D        | Found a viscous altar of Jiyva.
  1302 | D        | Found a corrupted altar of Lugonu.
  1302 | D        | Noticed a slime creature
  1303 | D        | Found a burning altar of Makhleb.
  1303 | D        | Found a shimmering altar of Xom.
  1539 | D        | Noticed a centaur warrior
  1539 | D        | Reached * piety under the Shining One
  1554 | D        | Killed a slime creature
  1555 | D        | Reached skill level 1 in Invocations
  1917 | D        | Noticed Sonja
  1929 | D        | HP: 1/51 [Sonja/+4 dagger of distortion (2)]
  1929 | D        | Mangled by Sonja

Illustrated notes

Levels and vault maps discovered:
D:        dungeon_sprint_1 [red_sonja_temple_1, red_sonja_temple_small_1]

Skill      XL: |  1  2  3  4  5  6  7 |
---------------+----------------------+-----
Long Blades    | 6 11 14 | 14.0
Throwing       | 6 |  6.0
Invocations    | 1 |  1.8
Fighting       | |  2.7
Dodging        | |  3.5

Action                   |  1- 3 |  4- 6 |  7- 9 || total
-------------------------+-------+-------+-------++-------
Melee: Long sword        |    20 |    21 |    14 ||    55
Evoke: Wand              |     1 |       |       ||     1
  Use: Potion            |     1 |       |     3 ||     4
Armor: Leather armour    |     3 |     2 |     1 ||     6
Dodge: Dodged            |     8 |     7 |     8 ||    23
       Rpst.: Long sword |     4 |       |     2 ||     6
